 Dungeon Crawl Stone Soup version 0.30.1-9-gdf580d7c3d (webtiles) character file.

Game seed: 8432828622416776343

29 KittyFluff the Chopper (level 3, -1/33 HPs)
             Began as a Minotaur Berserker on Oct 13, 2023.
             Was a Follower of Trog.
             Slain by Sigmund
             ... wielding a +0 scythe
              (12 damage)
             ... on level 2 of the Dungeon.
             The game lasted 00:02:06 (474 turns).

KittyFluff the Chopper (Minotaur Berserker)          Turns: 474, Time: 00:02:06

Health: -1/33      AC:  2    Str: 23    XL:     3   Next: 1%
Magic:  2/2        EV: 12    Int:  4    God:    Trog [*.....]
Gold:   45         SH:  0    Dex:  9    Spells: 2/2 levels left

rFire   . . .        a - +0 hand axe
rCold   . . .        (no shield)
rNeg    . . .        b - +0 animal skin
rPois   .            (helmet restricted)
rElec   .            (no cloak)
rCorr   .            (no gloves)
SInv    .            (no boots)
Will    .....        (no amulet)
Stlth   +            (no ring)
HPRegen 0.25/turn    (no ring)
MPRegen 0.08/turn

%: no passive effects
@: confused
A: horns 2, retaliatory headbutt
a: Renounce Religion, Berserk


You were on level 2 of the Dungeon.
You worshipped Trog.
Trog was aware of your devotion.
You visited 1 branch of the dungeon, and saw 2 of its levels.

You collected 45 gold pieces.

Inventory:

Hand Weapons
 a - a +0 hand axe (weapon)
Armour
 b - a +0 animal skin (worn)
Scrolls
 e - a scroll of identify {unknown}
 f - a scroll of enchant armour {unknown}
 g - a scroll of enchant weapon {unknown}
Potions
 c - a potion of brilliance {unknown}
 d - 2 potions of flight {unknown}
 h - a potion of heal wounds {unknown}


   Skills:
 + Level 4.0 Fighting
 * Level 4.1 Axes
 * Level 3.1 Armour
 + Level 2.5 Dodging


You had 2 spell levels left.
You didn't know any spells.
Your spell library was empty.

Dungeon Overview and Level Annotations

Branches:
Dungeon (2/15)

Altars:

Annotations:
D:2 Sigmund


Innate Abilities, Weirdness & Mutations

You have a pair of horns on your head.
You reflexively headbutt those who attack you in melee.


Message History

You kill the quokka!
Trog accepts your kill.
You have reached level 3!
Your experience leads to an increase in your attributes!
Increase (S)trength, (I)ntelligence, or (D)exterity?
You feel stronger. x2
You see here a quokka corpse.
There is a stone staircase leading down here.
You climb downwards.
Found a silvery potion and 9 gold pieces.
There is a stone staircase leading up here.
Sigmund and a frilled lizard come into view.
Sigmund shouts!
The frilled lizard hisses angrily.
Sigmund hits you from afar with a +0 scythe.
You see here a silvery potion.
h - a silvery potion Sigmund closely misses you.
You closely miss Sigmund. Your headbutt misses Sigmund.
Sigmund hits you with a +0 scythe.
You hit Sigmund.
Sigmund is lightly wounded.
You barely miss Sigmund. Your headbutt misses Sigmund.
Sigmund is lightly wounded.
You hit the frilled lizard.
You kill the frilled lizard!
Trog accepts your kill. Sigmund hits you with a +0 scythe!
You slash Sigmund!
Sigmund is moderately wounded.
Sigmund mumbles some strange words.
Sigmund flickers and vanishes!
Deactivating autopickup; reactivate with Ctrl-A.
You closely miss something.
You hear some strange, mumbled words.
You are confused.
Something barely misses you. Something hits you!
Something completely misses you. Something hits you!
You die...

. ..#.##### #.
#.......###
#.##..........
...........#
#.........#
#........#
###...$...#
#<.....#
###@...#
#....†{...#
#.####........
#.......#
........#
##....#..#
#.......#
#....#.##


There were no monsters in sight!

Vanquished Creatures
  2 ball pythons (D:1)
  4 bats (D:1)
  2 endoplasms (D:1)
  2 goblins (D:1)
  4 hobgoblins (D:1)
  2 jackals (D:1)
  2 kobolds (D:1)
  A quokka (D:1)
  A frilled lizard (D:2)
  6 rats (D:1)
26 creatures vanquished.

Notes
Turn   | Place    | Note
-------+----------+-------------------------------------------
     0 | D:1      | KittyFluff the Minotaur Berserker began the quest for the
                  | Orb.
     0 | D:1      | Reached XP level 1. HP: 19/19 MP: 0/0
    88 | D:1      | Reached XP level 2. HP: 23/27 MP: 1/1
   430 | D:1      | Reached XP level 3. HP: 29/33 MP: 2/2
   462 | D:2      | Noticed Sigmund
   474 | D:2      | Slain by Sigmund

Illustrated notes

Levels and vault maps discovered:
D:1:      heliophobic_arrival_ceremonial_halls, layout_rooms
D:2:      minmay_recursive_quarters, layout_basic, uniq_sigmund

Skill      XL: |  1  2 |
---------------+-------+-----
Axes           | 4 |  4.1
Armour         | 3 |  3.1
Fighting       | 4 |  4.0
Dodging        | |  2.5

Action                     || total
---------------------------++-------
  Melee: Hand axe          ||    57
         Punch             ||     1
         Headbutt          ||     4
 Armour: Animal skin       ||    14
  Dodge: Dodged            ||    38
